 Dungeon Crawl Stone Soup version 0.23.2-33-g5129a83184 (webtiles) character file.

Game seed: 17521608267950482952

26373 FishyPogo the Basher (level 12, -8/118 HPs)
             Began as a Troll Berserker on July 26, 2019.
             Was an Elder of Trog.
             Mangled by a snapping turtle (22 damage)
             ... on level 4 of the Lair of Beasts.
             The game lasted 02:05:54 (12395 turns).

FishyPogo the Basher (Troll Berserker)             Turns: 12395, Time: 02:05:55

Health: -8/118     AC: 15    Str: 30    XL:     12   Next: 97%
Magic:  15/15      EV: 11    Int:  3    God:    Trog [****..]
Gold:   617        SH:  6    Dex: 13    Spells: 11/11 levels left

rFire    . . .     SeeInvis .   e - +4 scythe (flame)
rCold    . . .     Gourm    +   (shield currently unavailable)
rNeg     . . .     Faith    .   R - +2 troll leather armour
rPois    .         Spirit   .   (helmet restricted)
rElec    .         Reflect  +   d - +0 cloak
rCorr    .         Harm     .   (gloves unavailable)
MR       .....                  (boots unavailable)
Stlth    +.........             W - +6 amulet of reflection
HPRegen  1.09/turn              u - +2 ring of dexterity
MPRegen  0.14/turn              v - +3 ring of protection

@: very slow
A: large, unfitting armour, claws 3, fast metabolism 3, gourmand, regeneration
1, shaggy fur 1, tough skin 3
a: Berserk, Trog's Hand, Brothers in Arms, Renounce Religion


You were on level 4 of the Lair of Beasts.
You worshipped Trog.
Trog was greatly pleased with you.
You were not hungry.

You visited 3 branches of the dungeon, and saw 17 of its levels.

You collected 788 gold pieces.
You spent 171 gold pieces at shops.

Inventory:

Hand Weapons
 a - a +4 hand axe
 b - a +1 mace of holy wrath
 e - a +4 scythe of flaming (weapon)
 G - a +2 trident of freezing
Missiles
 i - 4 javelins
 o - 14 large rocks
 p - 311 stones
 J - 2 throwing nets (quivered)
 S - 2 silver javelins
 X - 3 tomahawks
Armour
 d - a +0 cloak (worn)
 x - a +1 large shield
 L - +0 steam dragon scales
 R - a +2 troll leather armour (worn)
Jewellery
 c - an uncursed ring of protection from magic
 h - an uncursed ring of magical power
 q - a +2 ring of evasion
 u - a +2 ring of dexterity (left claw)
 v - a +3 ring of protection (right claw)
 P - an uncursed ring of fire
 Q - an uncursed ring of flight
 W - a +6 amulet of reflection (around neck)
Wands
 y - a wand of digging (2)
 C - a wand of acid (6)
 D - a wand of enslavement (7)
 M - a wand of flame (25)
 O - a wand of iceblast (11)
Scrolls
 k - 4 scrolls of identify
 l - 2 scrolls of fog
 m - 7 scrolls of remove curse
 s - 2 scrolls of enchant weapon
 t - 3 scrolls of immolation
 w - a scroll of noise {unknown}
 H - a scroll of random uselessness {unknown}
 K - a scroll of brand weapon {unknown}
 N - a scroll of teleportation
 U - a scroll of magic mapping
Potions
 g - 2 potions of brilliance
 j - a potion of mutation
 n - a potion of berserk rage {unknown}
 r - 2 potions of lignification
 z - a potion of degeneration {unknown}
 A - 5 potions of curing
 B - 2 potions of haste {unknown}
 E - 2 potions of flight
 F - a potion of agility {unknown}
 I - 2 potions of resistance {unknown}
 V - a potion of magic {unknown}
Miscellaneous
 T - a fan of gales (inert)
Comestibles
 f - 30 rations


   Skills:
 + Level 7.0 Fighting
 * Level 7.9(9.4) Axes
 * Level 8.8(10.3) Maces & Flails
 + Level 6.4 Throwing
 + Level 5.5 Armour
 - Level 4.4 Dodging
 - Level 0.1 Stealth
 + Level 6.9 Shields
 - Level 5.2 Unarmed Combat
 + Level 5.3 Evocations


You had 11 spell levels left.
You didn't know any spells.
Your spell library contained the following spells:

 Spells                   Type           Power        Failure   Level  Hunger
 Animate Skeleton         Necr           N/A          56%         1    ##.....
 Apportation              Tloc           #.....       56%         1    ##.....
 Beastly Appendage        Tmut           #.....       56%         1    ##.....
 Confusing Touch          Hex            #.....       56%         1    ##.....
 Corona                   Hex            #......      56%         1    ##.....
 Magic Dart               Conj           #...         56%         1    ##.....
 Summon Small Mammal      Summ           #...         56%         1    ##.....
 Searing Ray              Conj           #.....       71%         2    ###....
 Slow                     Hex            #.......     71%         2    ###....
 Sticks to Snakes         Tmut           #.......     71%         2    ###....
 Dazzling Spray           Conj/Hex       #.....       90%         3    ####...
 Inner Flame              Hex/Fire       #.......     90%         3    ####...
 Portal Projectile        Hex/Tloc       #.....       90%         3    ####...
 Recall                   Summ/Tloc      N/A          90%         3    ####...
 Spider Form              Tmut/Pois      #.........   90%         3    ####...
 Animate Dead             Necr           N/A          100%        4    #####..
 Cause Fear               Hex            #.........   100%        4    #####..
 Force Lance              Conj/Tloc      #.......     100%        4    #####..
 Fulminant Prism          Conj/Hex       #.........   100%        4    #####..
 Ice Form                 Ice/Tmut       #.......     100%        4    #####..
 Iskenderun's Mystic Bla  Conj           #.......     100%        4    #####..
 Leda's Liquefaction      Hex/Erth       #.........   100%        4    #####..
 Blade Hands              Tmut           #.........   100%        5    ######.
 Borgnjor's Vile Clutch   Necr/Erth      #.........   100%        5    ######.
 Death Channel            Necr           #.........   100%        6    #######
 Simulacrum               Ice/Necr       #.........   100%        6    #######


Dungeon Overview and Level Annotations

Branches:
Dungeon (12/15)            Temple (0/1) D:4            Lair (4/6) D:11
 Shoals (1/4) Lair:4        Snake (0/4) Lair:2
    Orc: D:9-12

Altars:
Cheibriados
Dithmenos
Fedhas
Gozag
Hepliaklqana
Ru
Trog
Xom
The Shining One
Jiyva

Shops:
D:5 *   D:9 }

Annotations:
Lair:1 exclusion: oklob plant
Lair:2 Snakepit
Lair:4 3 runed translucent doors, hofbold's ghost, adept HuMo


Innate Abilities, Weirdness & Mutations

You are too large for most types of armour.
You have claws for hands.
Your metabolism is lightning-fast.
You like to eat raw meat.
Your natural rate of healing is unusually fast.
You are covered in fur. (AC +1)
You have extremely tough skin. (AC +3)


Message History

* * * LOW HITPOINT WARNING * * *
Quivering
J - 4 throwing nets for throwing.
Throwing (i - inventory. (/) - cycle)
J - 4 throwing nets (quivered)
Press: ? - help, Shift-Dir - straight line, f - snapping turtle
Aim: a snapping turtle (lightly wounded)
You throw a throwing net.
The throwing net barely misses the snapping turtle.
You hear a splash.
The snapping turtle bites you!
* * * LOW HITPOINT WARNING * * *
The snapping turtle bites you but does no damage. x2
Throwing (i - inventory. (/) - cycle)
J - 3 throwing nets (quivered)
Press: ? - help, Shift-Dir - straight line, f/p - snapping turtle
Aim: a snapping turtle (lightly wounded)
You throw a throwing net.
The throwing net barely misses the snapping turtle.
You hear a splash.
You block the snapping turtle's attack.
The snapping turtle bites you from afar!!
You die...

#### #..####
##.....#######
#...)###@≈t≈(####
#######...#≈≈≈#≈≈≈#≈≈≈#
###...P##P..#≈≈≈#≈≈≈#t≈≈#
............#≈≈≈#####≈≈≈#
..##.P...#..#####≈≈≈)####
.####...###...#≈≈≈>≈≈≈#
..####...#..####+≈≈≈###
.#.......##.# #####
.........##.#


You could see a snapping turtle.

Vanquished Creatures
  Harold (D:9)
  A hydra (Lair:1)
  3 two-headed ogres
  An unseen horror (D:6)
  Pikel (D:7)
  An ugly thing (D:12)
  2 merfolk sirens (Lair:4)
  Psyche (D:9)
  A black mamba (Lair:3)
  4 gargoyles
  A troll (D:7)
  3 spiny frogs
  A rime drake (Lair:2)
  2 komodo dragons (Lair:4)
  A polar bear (Lair:4)
  A hornet (D:11)
  A merfolk (Lair:4)
  2 hippogriffs
  11 blink frogs
  Sigmund (D:5)
  A spriggan (D:9)
  28 yaks
  3 wyverns
  3 steam dragons
  6 water moccasins
  An orc warrior (D:10)
  2 black bears (D:11)
  5 porcupines
  2 ice beasts
  2 sky beasts
  3 slaves (D:7)
  2 phantoms
  2 necrophages
  4 ogres
  9 wolves (Lair:2)
  2 centaurs (D:6)
  5 crocodiles
  8 bullfrogs
  A big kobold (D:7)
  A gnoll sergeant (D:8)
  2 wyvern skeletons
  The ghost of PeSeC the Skirmisher, a weakling MiFi (D:3)
  2 scorpions
  26 wights
  4 killer bees (D:10)
  3 electric eels (Lair:4)
  2 howler monkeys
  5 crimson imps
  3 quasits
  2 bullfrog zombies
  A centaur zombie (D:10)
  4 hounds
  6 jellies
  2 centaur skeletons
  3 orc priests
  A gnoll shaman (D:7)
  3 iguanas
  8 worker ants
  6 orc wizards
  A killer bee zombie (D:5)
  2 hound skeletons
  A howler monkey zombie (D:6)
  3 worker ant zombies
  11 gnolls
  15 adders
  A river rat (Lair:3)
  2 shadow imps
  2 oozes
  An adder skeleton (D:4)
  3 adder zombies
  6 worms
  A dart slug (D:2)
  6 leopard geckos
  25 orcs
  6 bats
  3 giant cockroaches
  8 goblins
  9 hobgoblins
  13 jackals
  7 kobolds
  4 quokkas
  2 ball pythons
  A ball python skeleton (D:4)
  5 frilled lizards
  A quokka skeleton (D:7)
  5 rats
  2 plants (Lair:3)
360 creatures vanquished.

Vanquished Creatures (collateral kills)
  Maurice (D:8)
  A spiny frog (Lair:2)
  2 gargoyles (D:7)
  A komodo dragon (Lair:1)
  A hippogriff (Lair:1)
  A warg (Lair:2)
  3 water moccasins
  A big kobold (D:9)
  A hound (D:9)
  3 orcs (D:9)
  2 kobolds (D:9)
17 creatures vanquished.

Vanquished Creatures (others)
  A komodo dragon (D:7)
  A slave (D:7)
  7 fungi
  6 plants
15 creatures vanquished.

Grand Total: 392 creatures vanquished

Notes
Turn   | Place    | Note
-------+----------+-------------------------------------------
     0 | D:1      | FishyPogo the Troll Berserker began the quest for the Orb.
     0 | D:1      | Reached XP level 1. HP: 22/22 MP: 0/0
   175 | D:1      | Reached XP level 2. HP: 29/29 MP: 1/1
   663 | D:1      | You fall through a shaft!
   672 | D:2      | Reached XP level 3. HP: 36/36 MP: 2/2
   675 | D:2      | Reached ** piety under Trog
   793 | D:2      | Reached skill level 1 in Shields
   877 | D:2      | Reached XP level 4. HP: 43/45 MP: 3/3
  1265 | D:3      | Noticed PeSeC's ghost (weakling MiFi)
  1284 | D:3      | Found a runed translucent gate.
  1289 | D:3      | Reached XP level 5. HP: 52/53 MP: 4/4
  1290 | D:3      | Found a runed translucent gate.
  1291 | D:3      | Found a runed translucent gate.
  1306 | D:3      | Killed PeSeC's ghost
  1674 | D:3      | Noticed an ice beast
  1684 | D:3      | Killed an ice beast
  1684 | D:3      | Reached XP level 6. HP: 46/61 MP: 5/5
  1991 | D:3      | Found a bloodstained altar of Trog.
  2002 | D:3      | You fall through a shaft for 2 floors!
  2002 | D:5      | Entered Level 5 of the Dungeon
  2011 | D:5      | Noticed a sky beast
  2045 | D:5      | Killed a sky beast
  2179 | D:4      | Found a glowing golden altar of the Shining One.
  2314 | D:4      | Found a staircase to the Ecumenical Temple.
  2399 | D:4      | Reached skill level 1 in Throwing
  2440 | D:4      | Reached XP level 7. HP: 67/67 MP: 6/6
  2629 | D:4      | Reached *** piety under Trog
  3171 | D:5      | Reached skill level 5 in Unarmed Combat
  3335 | D:5      | Found Foxiotynk's Assorted Antiques.
  3338 | D:5      | Bought a scroll labeled DEMENIMAJI for 30 gold pieces
  3338 | D:5      | Bought a scroll labeled XAHY XUMYCAJALUI for 30 gold pieces
  3338 | D:5      | Bought a bubbling golden potion for 27 gold pieces
  3338 | D:5      | Bought a dark potion for 27 gold pieces
  3338 | D:5      | Bought a fizzy inky potion for 27 gold pieces
  3338 | D:5      | Bought a scroll labeled RIHOQO CIOGYSE for 30 gold pieces
  3546 | D:5      | Noticed Sigmund
  3557 | D:5      | Killed Sigmund
  3557 | D:5      | Reached skill level 1 in Evocations
  3557 | D:5      | Reached XP level 8. HP: 64/78 MP: 7/7
  3634 | D:5      | Reached skill level 1 in Maces & Flails
  3783 | D:6      | Noticed a two-headed ogre
  3789 | D:6      | Killed a two-headed ogre
  3789 | D:6      | Reached skill level 2 in Maces & Flails
  3789 | D:6      | Reached skill level 1 in Armour
  3950 | D:6      | Reached XP level 9. HP: 85/85 MP: 9/9
  3999 | D:6      | Reached skill level 3 in Maces & Flails
  4027 | D:6      | Killed an unseen horror
  4120 | D:6      | Reached **** piety under Trog
  4317 | D:6      | You fall through a shaft for 3 floors!
  4374 | D:9      | Found Hugirr's Gadget Shoppe.
  4421 | D:9      | Reached skill level 4 in Maces & Flails
  4428 | D:9      | Reached skill level 5 in Fighting
  4466 | D:9      | Noticed a two-headed ogre
  4483 | D:9      | Killed a two-headed ogre
  4483 | D:9      | Reached XP level 10. HP: 59/96 MP: 11/11
  4597 | D:9      | Noticed Harold
  4614 | D:9      | Paralysed by Harold for 2 turns
  4621 | D:9      | Paralysed by Harold for 7 turns
  4629 | D:9      | Killed Harold
  4629 | D:9      | Reached skill level 5 in Maces & Flails
  4629 | D:9      | Reached skill level 5 in Shields
  4659 | D:9      | Found a hazy altar of Hepliaklqana.
  5124 | D:9      | Noticed Psyche
  5139 | D:9      | Killed Psyche
  5230 | D:10     | Entered Level 10 of the Dungeon
  5345 | D:8      | Found an opulent altar of Gozag.
  5412 | D:8      | Received a gift from Trog
  5475 | D:8      | Reached skill level 5 in Axes
  5500 | D:8      | Found a shimmering altar of Xom.
  5507 | D:8      | Found a shadowy altar of Dithmenos.
  5763 | D:8      | Noticed Maurice
  5810 | D:8      | Killed Maurice
  5842 | D:8      | Found a snail-covered altar of Cheibriados.
  6341 | D:8      | Reached skill level 6 in Maces & Flails
  6541 | D:7      | Reached XP level 11. HP: 105/105 MP: 12/12
  6600 | D:7      | Noticed Pikel
  6613 | D:7      | Killed Pikel
  6936 | D:7      | Found a snail-covered altar of Cheibriados.
  7304 | D:7      | Noticed a two-headed ogre
  7311 | D:7      | Killed a two-headed ogre
  7352 | D:7      | Reached skill level 5 in Throwing
  7603 | D:6      | Found a blossoming altar of Fedhas.
  7603 | D:6      | Found a sacrificial altar of Ru.
  8165 | D:10     | Received a gift from Trog
  8288 | D:10     | Reached skill level 7 in Maces & Flails
  8906 | D:11     | You fall through a shaft!
  8907 | D:12     | Noticed a cyan ugly thing
  8917 | D:12     | Killed a cyan ugly thing
  9022 | D:11     | Reached XP level 12. HP: 105/115 MP: 14/14
  9030 | D:11     | Found a staircase to the Lair.
  9043 | Lair:1   | Entered Level 1 of the Lair of Beasts
  9043 | Lair:1   | Noticed a six-headed hydra
  9063 | Lair:1   | Killed a two-headed hydra
  9102 | Lair:1   | Received a gift from Trog
  9990 | Lair:2   | Reached skill level 5 in Armour
 10191 | Lair:2   | Reached skill level 8 in Maces & Flails
 10343 | Lair:2   | Reached skill level 5 in Evocations
 10561 | Lair:2   | Found a staircase to the Snake Pit.
 11659 | Lair:4   | Found a runed translucent gate.
 11660 | Lair:4   | Found a runed translucent gate.
 11661 | Lair:4   | Found a runed translucent gate.
 11664 | Lair:4   | Found a viscous altar of Jiyva.
 11664 | Lair:4   | Noticed hofbold's ghost (adept HuMo)
 11769 | Lair:4   | Noticed an eight-headed hydra
 11784 | Lair:4   | HP: 5/118 [eight-headed hydra (1)]
 11908 | Lair:4   | Found a gate leading to a gauntlet.
 12320 | Lair:4   | Found a staircase to the Shoals.
 12351 | Shoals:1 | Entered Level 1 of the Shoals
 12395 | Lair:4   | Mangled by a snapping turtle

Skill      XL: |  1  2  3  4  5  6  7  8  9 10 11 12 |
---------------+-------------------------------------+-----
Dodging        | 3 4 |  4.4
Shields        | 1 2 3 4 5 6 |  6.9
Fighting       | 3 4 5 6 7 |  7.0
Unarmed Combat | 4 5 |  5.2
Throwing       | 1 2 3 4 5 6 |  6.4
Evocations     | 1 2 3 4 5 |  5.3
Maces & Flails | 2 4 6 7 8 |  8.8
Axes           | 2 4 5 6 7 |  7.9
Armour         | 1 2 3 4 5 |  5.5
Stealth        | |  0.1

Action                   |  1- 3 |  4- 6 |  7- 9 | 10-12 || total
-------------------------+-------+-------+-------+-------++-------
Melee: Unarmed           |   125 |   146 |    92 |       ||   363
       Punch             |     1 |       |       |       ||     1
       Hand axe          |       |       |   157 |  1005 ||  1162
       Mace              |       |       |     9 |       ||     9
       Scythe            |       |       |       |    58 ||    58
Throw: Stone             |       |    12 |    62 |   181 ||   255
       Large rock        |       |     1 |       |       ||     1
       Throwing net      |       |       |       |     2 ||     2
Invok: Berserk           |     6 |     6 |    10 |    34 ||    56
       Trog's Hand       |       |     1 |       |    13 ||    14
       Brothers in Arms  |       |       |     1 |     6 ||     7
 Abil: Evoke Flight      |       |       |       |     2 ||     2
Evoke: Wand              |       |       |       |     6 ||     6
       Fan of gales      |       |       |       |     2 ||     2
  Use: Scroll            |     3 |     2 |     9 |    14 ||    28
       Potion            |     1 |       |     2 |     3 ||     6
  Eat: Chunk             |    19 |    21 |    28 |   106 ||   174
Armor: Animal skin       |    48 |    31 |    60 |    26 ||   165
       Steam dragon scal |       |       |       |    78 ||    78
       Troll leather arm |       |       |       |   232 ||   232
Dodge: Dodged            |    39 |    25 |    39 |   253 ||   356
Block: Large shield      |    67 |    84 |   179 |   896 ||  1226
       Other             |       |       |       |    15 ||    15
       Reflection        |       |       |       |     3 ||     3
